 Dungeon Crawl Stone Soup version 0.26-a0-639-g72c4674329 (webtiles) character file.

Game seed: 11326307286797523995

308 Kaptain the Magician (level 6, -3/37 HPs)
             Began as a Deep Elf Earth Elementalist on Sept 19, 2020.
             Slain by a lemure (7 damage)
             ... led by Pikel
             ... on level 4 of the Dungeon.
             The game lasted 00:10:10 (3257 turns).

Kaptain the Magician (Deep Elf Earth Elementalist)  Turns: 3257, Time: 00:10:12

Health: -3/37      AC:  6    Str:  3    XL:     6   Next: 16%
Magic:  3/15       EV: 12    Int: 22    God:
Gold:   126        SH:  0    Dex: 15    Spells: 6/15 levels left

rFire    . . .     SeeInvis .   e - +2 whip (vamp)
rCold    . . .     Faith    .   (no shield)
rNeg     . . .     Spirit   .   g - +1 leather armour
rPois    .         Reflect  .   c - +0 helmet
rElec    .         Harm     .   p - +0 cloak
rCorr    .         Rampage  .   (no gloves)
MR       .....                  (no boots)
Stlth    ++........             (no amulet)
HPRegen  0.12/turn              (no ring)
MPRegen  0.14/turn              (no ring)

@: very slightly contaminated
A: mutation resistance 1, robust 1, weak 1
a: no special abilities


You were on level 4 of the Dungeon.
You visited 1 branch of the dungeon, and saw 4 of its levels.

You collected 126 gold pieces.

Inventory:

Hand Weapons
 e - a +2 vampiric whip (weapon)
 l - a +1 dagger of freezing
 n - a +3 dagger
Missiles
 b - 38 stones (quivered)
Armour
 c - a +0 helmet (worn)
 f - a +2 plate armour of poison resistance
 g - a +1 leather armour (worn)
 p - a +0 cloak (worn)
 q - +0 ice dragon scales
Scrolls
 d - 3 scrolls of identify
 k - 4 scrolls of remove curse
 m - a scroll of amnesia
Potions
 a - a potion of cancellation
 h - 3 potions of stabbing
 i - a potion of haste
 j - a potion of curing
 o - a potion of heal wounds


   Skills:
 + Level 1.5 Fighting
 + Level 0.2 Armour
 - Level 3.5 Dodging
 + Level 3.7 Stealth
 * Level 5.1 Spellcasting
 * Level 0.9 Conjurations
   Level 1.1 Transmutations
 * Level 4.9 Earth Magic


You had 6 spell levels left.
You knew the following spells:

 Your Spells              Type           Power        Failure   Level
a - Sandblast             Erth           ####..       2%          1
b - Stone Arrow           Conj/Erth      ###...       19%         3
c - Lee's Rapid Deconstr  Erth           ####......   56%         5

Your spell library contained the following spells:

 Spells                   Type           Power        Failure   Level
 Passwall                 Tmut/Erth      ###.....     9%          2
 Petrify                  Tmut/Erth      ###.....     50%         4


Dungeon Overview and Level Annotations

Branches:
Dungeon (4/15)             Temple (0/1) D:4

Altars:
Cheibriados
Dithmenos
Fedhas
Makhleb
Nemelex Xobeh
Vehumet
Yredelemnul
The Shining One

Annotations:
D:4 Pikel


Innate Abilities, Weirdness & Mutations

You are somewhat resistant to further mutation.
You are robust. (+10% HP)
You are weak. (Str -2)


Message History

The spell is quite dangerous to cast (19% risk of failure)!
Continue anyway?
Aiming: Stone Arrow (quite dangerous; 19% risk of failure)
Press: ? - help, Shift-Dir - straight line, f/p - Pikel
Aim: Pikel, wielding a +1 whip of electrocution and wearing a +0 robe (moderately wounded)
The stone arrow hits Pikel.
Pikel is moderately wounded.
The lemure hits you.
* * * LOW HITPOINT WARNING * * *
The lemure hits you but does no damage. Pikel misses you.
The lemure barely misses you.
Casting: Stone Arrow (quite dangerous; 19% risk of failure)
Confirm with . or Enter, or press ? or * to list all spells.
The spell is quite dangerous to cast (19% risk of failure)!
Continue anyway?
Aiming: Stone Arrow (quite dangerous; 19% risk of failure)
Press: ? - help, Shift-Dir - straight line, f/p - Pikel
Aim: Pikel, wielding a +1 whip of electrocution and wearing a +0 robe (moderately wounded)
You miscast Stone Arrow.
You are very lightly contaminated with residual magic.
Nothing appears to happen.
The lemure hits you!
You die...

#.#.#.#.#.#.#
#...........
#.#.#.#.#..#
#..........#
#.#.#.#.#..#
##....5.....#
#..#.#5#o#..#
......5@K...#
########5##.#
#....# #####
##.#### #...#
###..# #._.#
##....# #...#
##.....# ##.###
##.....##
8...8######......#


You could see Pikel, 4 lemures and an orc.

Vanquished Creatures
  An ogre (D:3)
  Crazy Yiuf (D:4)
  An orc wizard (D:3)
  A worker ant (D:4)
  2 hound skeletons
  3 adders
  An ooze (D:2)
  A worm (D:3)
  4 dart slugs
  2 leopard geckos
  5 orcs
  4 bats
  A giant cockroach (D:1)
  7 goblins
  4 hobgoblins
  11 jackals
  A quokka (D:3)
  A ball python (D:2)
  5 frilled lizards
  8 kobolds
  A quokka zombie (D:4)
  6 rats
  A spectral orc (D:2)
72 creatures vanquished.

Notes
Turn   | Place    | Note
-------+----------+-------------------------------------------
     0 | D:1      | Kaptain the Deep Elf Earth Elementalist began the quest for
                  | the Orb.
     0 | D:1      | Reached XP level 1. HP: 10/10 MP: 6/6
   371 | D:1      | You fall into a shaft and drop 1 floor!
   377 | D:2      | Reached XP level 2. HP: 15/15 MP: 6/8
   771 | D:2      | Found a radiant altar of Vehumet.
   771 | D:2      | Found a blossoming altar of Fedhas.
   820 | D:2      | Found a snail-covered altar of Cheibriados.
   867 | D:2      | Reached XP level 3. HP: 20/20 MP: 8/10
  1236 | D:2      | Found a sparkling altar of Nemelex Xobeh.
  1346 | D:2      | Found a basalt altar of Yredelemnul.
  1622 | D:2      | Found a burning altar of Makhleb.
  1732 | D:3      | Reached skill level 4 in Spellcasting
  1732 | D:3      | Reached XP level 4. HP: 24/24 MP: 0/12
  1890 | D:3      | Found a shadowy altar of Dithmenos.
  1931 | D:3      | Reached skill level 1 in Fighting
  1973 | D:3      | Noticed an ogre
  1978 | D:3      | Killed an ogre
  1978 | D:3      | Reached XP level 5. HP: 29/29 MP: 10/14
  2328 | D:3      | Learned a level 3 spell: Stone Arrow
  2334 | D:3      | Learned a level 5 spell: Lee's Rapid Deconstruction
  2805 | D:4      | Reached skill level 5 in Spellcasting
  2920 | D:4      | Found a staircase to the Ecumenical Temple.
  2923 | D:4      | Gained mutation: You are somewhat resistant to further
                  | mutation. [potion of mutation]
  2923 | D:4      | Gained mutation: You are weak. (Str -2) [potion of
                  | mutation]
  2923 | D:4      | Gained mutation: You are robust. (+10% HP) [potion of
                  | mutation]
  2970 | D:4      | Found a runed translucent door.
  2971 | D:4      | Noticed Crazy Yiuf
  2994 | D:4      | Killed Crazy Yiuf
  2994 | D:4      | Reached XP level 6. HP: 27/37 MP: 8/15
  3116 | D:4      | Found a glowing golden altar of the Shining One.
  3244 | D:4      | Noticed Pikel
  3257 | D:4      | Slain by a lemure

Illustrated notes

Levels and vault maps discovered:
D:1:      scummos_arrival_hexagon, layout_basic
D:2:      layout_loops_ring, cheibriados_altar_1,
          yredelemnul_forgotten_temple_becter,
          chequers_temple_overflow_statue_of_worship, lightli_temple_of_fire,
          nemelex_dance_club_becter
D:3:      layout_basic, nicolae_dithmenos_shadow_blocks
D:4:      layout_gridville, nicolae_tso_carved_into_rock,
          minmay_temple_entry_drinking_statues, serial_glass, glass_columns_a,
          glass_columns_a, glass_columns_c, glass_columns_a, glass_columns_b,
          glass_columns_c, glass_columns_c, glass_columns_a, uniq_pikel,
          uniq_crazy_yiuf_cottage

Skill      XL: |  1  2  3  4  5 |
---------------+----------------+-----
Earth Magic    | 4 |  4.9
Dodging        | 3 |  3.5
Stealth        | 3 |  3.7
Spellcasting   | 4 5 |  5.1
Fighting       | 1 |  1.5
Armour         | |  0.2
Conjurations   | |  0.9
Transmutations | |  1.1

Action                   |  1- 3 |  4- 6 || total
-------------------------+-------+-------++-------
Melee: Dagger            |     5 |       ||     5
       Whip              |     8 |    68 ||    76
 Cast: Sandblast         |    48 |    42 ||    90
       Stone Arrow       |       |     1 ||     1
  Use: Scroll            |     9 |     1 ||    10
       Potion            |     2 |     1 ||     3
 Stab: Sleeping          |     2 |     2 ||     4
Armor: Leather armour    |     5 |    24 ||    29
Dodge: Dodged            |    24 |    58 ||    82

Table legend: (Time is in decaauts)
 A = Elapsed time spent in this place.
 B = Non-inter-level travel time spent in this place.
 C = Inter-level travel time spent in this place.
 D = Time resting spent in this place.
 E = Time spent auto-exploring this place.
 F = Levels seen in this place.
 G = Mean time per level.
                   A        B        C        D        E       F      G
               +--------+--------+--------+--------+--------+-----+--------+
         Total |   3264 |   3147 |    117 |    506 |   2055 |   4 |  816.0 |
       Dungeon |   3264 |   3147 |    117 |    506 |   2055 |   4 |  816.0 |
               +--------+--------+--------+--------+--------+-----+--------+

Top non-repeatable levels by time:
     D:3: 1088 daAuts
     D:2: 960 daAuts
     D:1: 748 daAuts
     D:4: 466 daAuts
